 Dungeon Crawl Stone Soup version 0.28-a0-1447-ga5a8893891 (webtiles) character file.

Game seed: 8270977510582110407

55 Grognak the Ruffian (level 3, 3/54 HPs)
             Began as a Troll Monk on Jan 10, 2022.
             Quit the game on level 2 of the Dungeon.
             The game lasted 00:02:04 (560 turns).

Grognak the Ruffian (Troll Monk)                     Turns: 560, Time: 00:02:05

Health: 3/54       AC: 21    Str: 19    XL:     3   Next: 67%
Magic:  2/2        EV:  1    Int:  6    God:
Gold:   42         SH:  0    Dex: 14    Spells: 2/2 levels left

rFire   . . .      SeeInvis .     - Unarmed
rCold   . . .      Faith    .   (no shield)
rNeg    . . .      Spirit   .   (armour currently unavailable)
rPois   +          Reflect  .   (helmet currently unavailable)
rElec   .          Harm     .   (cloak currently unavailable)
rCorr   .          Rampage  .   (gloves unavailable)
Will    .....      NoTele   +   (boots unavailable)
Stlth   ++........              (no amulet)
HPRegen 0.98/turn               c - ring of flight
MPRegen 0.08/turn               (no ring)

@: tree-form
A: stationary, stasis, torment immunity, boosted hp, large, unfitting armour,
(claws 3), regeneration 1, (shaggy fur 1), (tough skin 1)
a: no special abilities


You were on level 2 of the Dungeon.
You were a tree.
You visited 1 branch of the dungeon, and saw 2 of its levels.

You collected 42 gold pieces.

Inventory:

Armour
 a - a +0 robe (melded)
Jewellery
 c - a ring of flight (left branch)


   Skills:
 * Level 2.7 Fighting
 * Level 0.4 Armour
 * Level 2.9 Dodging
 + Level 1.1 Stealth
 * Level 3.7 Unarmed Combat


You had 2 spell levels left.
You didn't know any spells.
Your spell library was empty.

Dungeon Overview and Level Annotations

Branches:
Dungeon (2/15)

Altars:

Shops:
D:2 [


Innate Abilities, Weirdness & Mutations

You are a tree.
Your roots penetrate the ground, keeping you stationary.
You cannot be teleported.
You are immune to unholy pain and torment.
Your maximum health is greatly increased.
Your equipment is partially melded.
You are too large for most types of armour.
((You have claws for hands.))
Your natural rate of healing is unusually fast.
((You are covered in fur. (AC +1)))
((You have tough skin. (AC +1)))


Message History

You cannot move.
You cannot move.
You cannot move.
You cannot move.
The endoplasm freezes you.
You are frozen.
* * * LOW HITPOINT WARNING * * *
The gnoll hits you from afar with a +0 spear.
* * * LOW HITPOINT WARNING * * *
The gnoll hits you but does no damage. The endoplasm freezes you.
You are frozen.
* * * LOW HITPOINT WARNING * * *
The gnoll hits you but does no damage.
The gnoll hits you from afar with a +0 spear.
* * * LOW HITPOINT WARNING * * *
The endoplasm hits you but does no damage.
The gnoll hits you from afar with a +0 spear.
* * * LOW HITPOINT WARNING * * *
The gnoll hits you but does no damage.
The kobold hits you with a +0 short sword.
* * * LOW HITPOINT WARNING * * *
The endoplasm hits you but does no damage.
The gnoll hits you but does no damage. x2
The kobold hits you with a +0 short sword.
* * * LOW HITPOINT WARNING * * *
The endoplasm hits you but does no damage.
The gnoll hits you but does no damage. x2
The kobold hits you but does no damage. The endoplasm freezes you.
You are frozen.
* * * LOW HITPOINT WARNING * * *
The gnoll hits you but does no damage. The gnoll barely misses you.
The kobold hits you but does no damage.
You aren't carrying any potions.
You aren't carrying any scrolls.
You aren't carrying any potions.
You aren't carrying any scrolls.
Unknown command.
Are you sure you want to abandon this character and quit the game? (Confirm with "yes".)

#....... #. ##......#
#..##....... #.........
###..#.....#
#.......gg..#
>.#......K!#
##......)♣##
##........#)J####..
###.......>.#.......#
##..............#......
##.. #..##....∩.#.......
.#.###..##.)............
........##..............
........................
<.............###.......


You could see 2 gnolls, an endoplasm and a kobold.

Vanquished Creatures
  2 gnolls (D:2)
  An adder (D:2)
  2 ball pythons (D:2)
  3 endoplasms
  A giant cockroach (D:2)
  4 goblins
  2 hobgoblins (D:1)
  A quokka (D:1)
  3 frilled lizards
  2 kobolds (D:1)
  7 rats (D:1)
28 creatures vanquished.

Notes
Turn   | Place    | Note
-------+----------+-------------------------------------------
     0 | D:1      | Grognak the Troll Monk began the quest for the Orb.
     0 | D:1      | Reached XP level 1. HP: 22/22 MP: 0/0
   145 | D:1      | Reached XP level 2. HP: 28/29 MP: 1/1
   503 | D:2      | Found a faded altar of an unknown god.
   509 | D:2      | Found Naufiomu's Armour Shoppe.
   520 | D:2      | Reached XP level 3. HP: 30/36 MP: 2/2
   560 | D:2      | Quit the game

Illustrated notes

Levels and vault maps discovered:
D:1:      dpeg_arrival_ratfight, layout_rooms
D:2:      layout_rooms, ebering_ecumenical_altar_sacrificial, serial_shops,
          shop, minmay_between, uniq_sigmund

Action                   || total
-------------------------++-------
Melee: Unarmed           ||    59
  Use: Scroll            ||     3
       Potion            ||     1
 Stab: Sleeping          ||     3
Armor: Robe              ||    12
       Skin              ||    21
Dodge: Dodged            ||    12

Table legend: (Time is in decaauts)
 A = Elapsed time spent in this place.
 B = Non-inter-level travel time spent in this place.
 C = Inter-level travel time spent in this place.
 D = Time resting spent in this place.
 E = Time spent auto-exploring this place.
 F = Levels seen in this place.
 G = Mean time per level.
                   A        B        C        D        E       F      G
               +--------+--------+--------+--------+--------+-----+--------+
         Total |    555 |    555 |      0 |      0 |    386 |   2 |  277.5 |
       Dungeon |    555 |    555 |      0 |      0 |    386 |   2 |  277.5 |
               +--------+--------+--------+--------+--------+-----+--------+

Top non-repeatable levels by time:
     D:1: 497 daAuts
     D:2: 57 daAuts
